 Dungeon Crawl Stone Soup version 0.22-a0-608-g8a62e23 (webtiles) character file.

437 Hebeh the Magician (level 6, -6/35 HPs)
             Began as a Deep Elf Fire Elementalist on July 9, 2018.
             Was an Initiate of Vehumet.
             Mangled by Blork the orc
             ... wielding a +3 dire flail of protection
              (13 damage)
             ... on level 4 of the Dungeon.
             The game lasted 00:21:40 (3881 turns).

Hebeh the Magician (Deep Elf Fire Elementalist)     Turns: 3881, Time: 00:21:40

Health: -6/35      AC:  3    Str:  7    XL:     6   Next: 69%
Magic:  7/16       EV: 13    Int: 20    God:    Vehumet [......]
Gold:   186        SH:  0    Dex: 15    Spells: 7/16 levels left

rFire    + . .     SeeInvis .   b - +0 hunting sling
rCold    . . .     Gourm    .   (no shield)
rNeg     . . .     Faith    .   h - +1 robe
rPois    .         Spirit   .   (no helmet)
rElec    .         Reflect  .   (no cloak)
rCorr    .         Harm     .   (no gloves)
MR       .....                  (no boots)
Stlth    ++........             p - amulet of regeneration
HPRegen  0.51/turn              m - ring of protection from fire
MPRegen  0.15/turn              (no ring)

@: no status effects
A: no striking features
a: Renounce Religion


You were on level 4 of the Dungeon.
You worshipped Vehumet.
Vehumet was noncommittal.
You were not hungry.

You visited 2 branches of the dungeon, and saw 6 of its levels.

You collected 186 gold pieces.

Inventory:

Hand Weapons
 a - a +0 mace
 b - a +0 hunting sling (weapon)
Missiles
 g - 107 stones
 j - 8 sling bullets (quivered)
Armour
 h - a +1 robe (worn)
Jewellery
 m - a ring of protection from fire (left hand)
 p - an amulet of regeneration (around neck)
Wands
 i - a wand of flame (13)
 n - a wand of acid (9)
 o - a wand of paralysis (25)
Scrolls
 d - 2 scrolls of identify
Potions
 e - 2 potions of heal wounds
 k - a potion of magic
 t - a potion of agility
 v - a potion of lignification
 w - 2 potions of curing
Comestibles
 c - 5 rations


   Skills:
 + Level 1.7 Fighting
 + Level 2.4 Dodging
 - Level 2.4 Stealth
 * Level 5.6 Spellcasting
 * Level 4.1 Conjurations
 * Level 5.2 Fire Magic
 + Level 0.1 Evocations


You had 7 spell levels left.
You knew the following spells:

 Your Spells              Type           Power        Failure   Level  Hunger
a - Flame Tongue          Conj/Fire      ###..        1%          1    None
b - Throw Flame           Conj/Fire      ###...       2%          2    None
c - Conjure Flame         Conj/Fire      ###.....     4%          3    ##.....
d - Inner Flame           Hex/Fire       ###.....     11%         3    ##.....

Your spell library contained the following spells:

 Spells                   Type           Power        Failure   Level  Hunger
 Fireball                 Conj/Fire      ###.......   41%         5    #####..
 Sticky Flame             Conj/Fire      ###.....     16%         4    ####...


Dungeon Overview and Level Annotations

Branches:
Dungeon (5/15)             Temple (1/1) D:4

Altars:
Ashenzari
Cheibriados
Elyvilon
Fedhas
Gozag
Hepliaklqana
Makhleb
Nemelex Xobeh
Ru
Sif Muna
Uskayaw
Vehumet
Wu Jian
Xom
The Shining One

Annotations:
D:2 Sigmund
D:4 Blork the orc
D:5 Grinder


Message History

* * * LOW HITPOINT WARNING * * *
Casting: Flame Tongue (safe; 1% risk of failure)
Confirm with . or Enter, or press ? or * to list all spells.
Aiming: Flame Tongue (safe; 1% risk of failure)
Press: ? - help, Shift-Dir - straight line, f/p - Blork the orc
Aim: Blork the orc, wielding a dire flail of protection and wearing a robe (moderately wounded, fast)
The flame tongue hits Blork the orc.
Blork the orc appears unharmed.
Blork the orc is moderately wounded.
Blork the orc barely misses you.
Blork the orc looks satisfied for a moment.
Casting: Flame Tongue (safe; 1% risk of failure)
Confirm with . or Enter, or press ? or * to list all spells.
Aiming: Flame Tongue (safe; 1% risk of failure)
Press: ? - help, Shift-Dir - straight line, f/p - Blork the orc
Aim: Blork the orc, wielding a dire flail of protection and wearing a robe (moderately wounded, fast)
The flame tongue hits Blork the orc.
Blork the orc appears unharmed.
Blork the orc is moderately wounded.
Blork the orc barely misses you.
Blork the orc hits you with a dire flail of protection!
You die...

......#####........####
##..... .....##
#......#888#..# ##......
.....# ##......8...8..#
#.......
....####.......8.>.8.##
##....... ...##
#........8...8..# #........
..##
##........#8.8#..###........
.##
#.................<......)..
##
##..............#..#.........
#...........@...#..#.........
##...........o>...............
#.............................
#
##...........##...##..........
##
##.........####.####.........
.#
###......##..#'#..##........
.## ##.....##.......##........
..# ###....##.._..##.........
..# ####..##...##..........


You could see Blork the orc.

Vanquished Creatures
  An ogre (D:4)
  2 hounds
  An orc priest (D:3)
  2 iguanas (D:4)
  2 worker ants (D:4)
  A hound skeleton (D:4)
  5 adders
  An ooze (D:2)
  A worm (D:2)
  3 dart slugs
  6 leopard geckos
  11 orcs
  6 giant cockroaches
  9 goblins
  4 hobgoblins
  4 jackals (D:4)
  A kobold (D:1)
  A quokka (D:4)
  2 ball pythons
  11 bats
  3 frilled lizards
  9 rats
86 creatures vanquished.

Notes
Turn   | Place    | Note
-------+----------+-------------------------------------------
     0 | D:1      | Hebeh the Deep Elf Fire Elementalist began the quest for the Orb.
     0 | D:1      | Reached XP level 1. HP: 10/10 MP: 6/6
   228 | D:1      | Reached XP level 2. HP: 15/15 MP: 6/8
   764 | D:2      | Found a deep blue altar of Sif Muna.
   764 | D:2      | Found an opulent altar of Gozag.
   837 | D:2      | Reached XP level 3. HP: 20/20 MP: 10/10
  1105 | D:2      | Found a burning altar of Makhleb.
  1117 | D:2      | Reached XP level 4. HP: 3/24 MP: 1/12
  1422 | D:2      | Reached skill level 1 in Fighting
  1427 | D:2      | Noticed Sigmund
  2015 | D:3      | Reached XP level 5. HP: 21/29 MP: 6/13
  2401 | D:3      | Found a sacrificial altar of Ru.
  2402 | D:3      | Found an ornate altar of the Wu Jian Council.
  2492 | D:4      | Learned a level 2 spell: Throw Flame
  2496 | D:4      | Learned a level 3 spell: Conjure Flame
  2502 | D:4      | Learned a level 3 spell: Inner Flame
  2599 | D:4      | Reached skill level 5 in Spellcasting
  2719 | D:4      | Found a staircase to the Ecumenical Temple.
  2724 | D:4      | Noticed an ogre
  2743 | D:4      | Killed an ogre
  2743 | D:4      | Reached skill level 5 in Fire Magic
  2743 | D:4      | Reached XP level 6. HP: 10/34 MP: 10/16
  2860 | Temple   | Entered the Ecumenical Temple
  2968 | Temple   | Became a worshipper of Vehumet
  3072 | D:4      | Found a sparkling altar of Nemelex Xobeh.
  3680 | D:4      | Found a glowing golden altar of the Shining One.
  3856 | D:5      | Entered Level 5 of the Dungeon
  3861 | D:5      | Noticed Grinder
  3864 | D:5      | Noticed Blork the orc
  3881 | D:4      | Mangled by Blork the orc

Vault maps used:
D:1:      eino_arrival_cavern_e
D:2:      makhleb_heckhound_becter, nicolae_gozag_seed_capital,
          overflow_temple_1_default, hangedman_decor_clover_reticule,
          uniq_sigmund
D:3:      gammafunk_temple_overflow_statue
D:4:      lemuel_round_altar, minmay_temple_entry_statues, first_ration,
          grunt_ministairs_1, nemelex_lonely_heart_becter
D:5:      yredelemnul_forgotten_temple_becter, nicolae_qazlal_style_of_elements,
          uniq_blork_the_orc, uniq_grinder
Temple:   minmay_temple_curvy_loop

Skill      XL: |  1  2  3  4  5  6 |
---------------+-------------------+-----
Conjurations   | 2 3 4 |  4.1
Fire Magic     | 4 5 |  5.2
Spellcasting   | 4 5 |  5.6
Fighting       | 1 |  1.7
Dodging        | |  2.4
Stealth        | |  2.4
Evocations     | |  0.1

Action                   |  1- 3 |  4- 6 || total
-------------------------+-------+-------++-------
 Fire: Hunting sling     |    51 |    60 ||   111
 Cast: Flame Tongue      |    44 |    79 ||   123
       Throw Flame       |       |    19 ||    19
Evoke: Wand              |       |     3 ||     3
  Use: Scroll            |       |    10 ||    10
  Eat: Chunk             |       |     8 ||     8
       Ration            |       |     1 ||     1
Armor: Robe              |     5 |     1 ||     6
Dodge: Dodged            |    10 |    21 ||    31

Table legend:
 A = Spawn XP
 B = Non-spawn XP
 C = Spawn XP percentage of total XP
 D = Spawn monster count
 E = Non-spawn monster count
 F = Spawn count percentage of total count
 G = Total turns spent on level
                    A         B        C        D         E        F      G
               +---------+---------+-------+---------+---------+-------+---------
         Total |       0 |     625 |   0.0 |       0 |      86 |   0.0 |  3881
               +---------+---------+-------+---------+---------+-------+---------
           D:1 |       0 |      33 |   0.0 |       0 |      19 |   0.0 |   749
           D:2 |       0 |     135 |   0.0 |       0 |      29 |   0.0 |  1213
           D:3 |       0 |      62 |   0.0 |       0 |      12 |   0.0 |   526
           D:4 |       0 |     350 |   0.0 |       0 |      24 |   0.0 |  1195
           D:5 |       0 |      45 |   0.0 |       0 |       2 |   0.0 |    17
               +---------+---------+-------+---------+---------+-------+---------
